Map: Washout LE

Players

Altik

  • Race: Protoss Protoss
  • League: Diamond

Kindread - Winner!

  • Race: Zerg Zerg
  • League: Diamond

VOD

Have the link to the VOD?

Description

Time

  • Played on: Aug. 5, 2026, 2:25 p.m.
  • Length: 13:09
Show
View Real Time Build Order
Export as new Build Order

Altik Protoss 

Build Orders:  

Get SALT Encoding   

  8  0:00  Probe  
  9  0:12  Probe (Chrono Boost)  
  11  0:22  Probe (Chrono Boost)  
  11  0:27  Probe (Chrono Boost)  
  11  0:35  Pylon  
  12  0:38  Probe  
  13  0:53  Probe  
  14  1:00  Gateway  
  14  1:05  Probe  
  14  1:09  Assimilator  
  15  1:20  Probe (Chrono Boost)  
  16  1:32  Probe (Chrono Boost)  
  17  1:38  Probe (Chrono Boost)  
  18  1:46  Probe  
  19  1:54  Nexus  
  19  2:04  Cybernetics Core  
  19  2:08  Probe  
  20  2:15  Assimilator  
  20  2:20  Pylon  
  20  2:22  Probe  
  21  2:38  Adept (Chrono Boost), Probe  
  21  2:42  Warp Gate  
  24  2:50  Probe  
  25  2:52  Pylon  
  25  3:03  Probe, Adept  
  28  3:07  Probe  
  28  3:11  Stargate  
  29  3:21  Gateway  
  29  3:27  Probe  
  29  3:28  Probe  
  31  3:39  Probe  
  31  3:40  Probe  
  33  3:51  Twilight Council, Void Ray (Chrono Boost), Probe  
  38  3:56  Probe  
  39  4:03  Probe  
  39  4:07  Pylon  
  39  4:08  Probe  
  41  4:16  Probe  
  42  4:20  Probe  
  43  4:27  Oracle  
  43  4:28  Probe  
  47  4:31  Pylon  
  47  4:33  Probe  
  48  4:40  Probe  
  50  4:45  Probe  
  50  4:49  Nexus  
  50  4:50  Pylon  
  50  4:56  Probe  
  47  5:22  Probe  
  47  5:25  Charge  
  48  5:30  Gateway  
  48  5:32  Probe, Gateway, Pylon  
  48  5:33  Gateway  
  48  5:34  Probe  
  48  5:35  Gateway  
  50  5:37  Forge  
  50  5:44  Probe  
  50  5:49  Probe, Pylon  
  52  5:51  Void Ray, Pylon  
  56  6:00  Probe  
  56  6:01  Probe  
  58  6:14  Zealot x2  
  58  6:18  Probe x2  
  64  6:19  Probe  
  64  6:24  Photon Cannon, Shield Battery  
  65  6:26  Photon Cannon  
  65  6:30  Probe x2  
  67  6:34  Void Ray  
  67  6:37  Probe  
  72  6:42  Probe, Zealot  
  72  6:43  Zealot  
  72  6:44  Zealot x2  
  72  6:45  Protoss Ground Weapons Level 1 (Chrono Boost)  
  81  6:49  Templar Archives  
  81  6:53  Probe  
  81  6:54  Probe x2  
  84  7:02  Zealot x2  
  84  7:03  Zealot x2  
  84  7:05  Probe  
  84  7:06  Probe  
  94  7:14  Probe  
  95  7:18  Probe x2  
  95  7:19  Pylon  
  97  7:22  Pylon  
  97  7:25  Zealot x2, Pylon, High Templar  
  103  7:37  High Templar  
  103  7:40  Zealot x3  
  111  7:49  Probe x2  
  111  7:51  Assimilator  
  113  7:53  Assimilator x2  
  113  7:54  Zealot x4  
  113  7:55  Zealot  
  113  7:57  Assimilator  
  123  8:00  Archon  
  123  8:01  Zealot  
  125  8:06  Pylon  
  125  8:07  Zealot  
  125  8:08  Pylon  
  127  8:24  Probe x3  
  130  8:27  Zealot x3  
  130  8:28  Zealot x3  
  142  8:38  Nexus  
  142  8:41  High Templar  
  116  8:47  Zealot x4  
  115  8:48  Oracle  
  110  8:55  Probe x2  
  110  9:00  Protoss Ground Weapons Level 2, Robotics Facility  
  110  9:01  Robotics Facility, Zealot x4  
  110  9:02  Zealot  
  116  9:10  Gateway  
  116  9:11  Gateway  
  116  9:16  Pylon  
  115  9:18  High Templar  
  115  9:20  Zealot x4  
  111  9:38  Probe  
  111  9:39  Probe x2  
  111  9:40  Zealot x5  
  111  9:43  Shield Battery  
  111  9:44  Photon Cannon  
  124  9:45  Shield Battery  
  124  9:51  Probe  
  125  10:03  Zealot x5  
  125  10:05  Immortal x2 (Chrono Boost)  
  139  10:17  Zealot x4  
  147  10:27  Probe  
  147  10:28  Probe x2  
  150  10:36  Robotics Bay  
  150  10:47  Pylon  
  150  10:49  Pylon  
  150  10:51  Pylon  
  150  10:52  Archon  
  150  10:53  Nexus  
  150  10:55  Pylon  
  150  11:05  High Templar x2, Zealot x2  
  150  11:07  Zealot x2, Immortal  
  150  11:10  Immortal  
  134  11:36  Probe x2  
  134  11:37  Probe  
  135  11:48  Probe  
  135  11:49  Probe x2  
  135  11:51  Archon  
  135  11:54  Zealot x6  
  148  12:01  Probe x3  
Show
View Real Time Build Order
Export as new Build Order

Kindread Zerg - Winner!

Build Orders: Hatch First, Lurkers 

Get SALT Encoding   

  8  0:00  Drone  
  9  0:11  Drone  
  10  0:17  Drone  
  11  0:23  Drone  
  12  0:33  Overlord  
  12  0:51  Drone x3  
  15  1:08  Drone  
  16  1:16  Drone  
  17  1:21  Hatchery  
  16  1:33  Spawning Pool  
  16  1:37  Drone  
  16  1:42  Drone  
  16  1:43  Drone  
  18  1:52  Drone  
  19  2:00  Extractor  
  18  2:02  Overlord  
  18  2:13  Drone  
  19  2:21  Queen  
  21  2:23  Drone  
  22  2:31  Drone  
  22  2:33  Queen  
  22  2:34  Drone  
  26  2:41  Drone  
  27  2:45  Drone  
  28  2:57  Hatchery  
  27  3:04  Metabolic Boost  
  27  3:05  Drone  
  27  3:09  Zergling x4  
  30  3:15  Overlord  
  30  3:20  Queen  
  32  3:32  Queen  
  34  3:35  Drone  
  34  3:37  Drone  
  36  3:44  Drone x2  
  36  3:45  Drone x2  
  36  3:48  Overlord  
  40  3:57  Overlord  
  40  4:01  Spore Crawler  
  39  4:03  Spore Crawler  
  38  4:10  Queen  
  38  4:12  Zergling x4  
  38  4:15  Drone  
  38  4:16  Drone x3  
  46  4:22  Drone  
  47  4:27  Overlord  
  47  4:34  Roach Warren  
  47  4:37  Overlord  
  46  4:42  Drone  
  47  4:45  Drone  
  47  4:46  Drone x6, Spore Crawler  
  47  4:51  Drone  
  54  4:54  Drone x3  
  54  4:57  Extractor  
  54  4:59  Drone, Extractor  
  56  5:00  Drone, Extractor  
  56  5:06  Drone  
  56  5:11  Drone  
  56  5:12  Drone x2  
  56  5:22  Lair  
  56  5:23  Drone x3, Overlord  
  56  5:24  Drone  
  60  5:35  Overlord  
  60  5:36  Overlord  
  60  5:39  Hatchery  
  59  5:43  Overlord  
  59  5:44  Zergling x8  
  59  5:49  Extractor, Drone  
  64  5:50  Drone  
  64  5:51  Drone x3  
  64  5:54  Spore Crawler  
  66  6:04  Drone x2  
  66  6:08  Drone x2  
  66  6:10  Drone x4  
  74  6:11  Spore Crawler  
  73  6:18  Baneling Nest  
  73  6:19  Overlord  
  73  6:20  Overlord  
  73  6:22  Overlord  
  72  6:27  Hydralisk Den  
  72  6:28  Extractor  
  72  6:30  Drone x2  
  72  6:31  Drone  
  72  6:32  Drone  
  74  6:33  Drone x3  
  74  6:35  Drone x2  
  78  6:47  Roach  
  78  6:48  Roach x7  
  94  6:55  Overlord x2  
  94  6:58  Overseer  
  94  7:05  Overlord x2  
  94  7:07  Grooved Spines  
  94  7:08  Centrifugal Hooks, Glial Reconstitution  
  94  7:10  Drone  
  94  7:11  Drone x2  
  94  7:12  Drone x6  
  103  7:24  Overseer, Hydralisk x3  
  103  7:25  Hydralisk x2  
  113  7:35  Lurker Den  
  112  7:40  Extractor x2  
  110  7:50  Hatchery  
  109  7:53  Roach x4  
  109  7:57  Muscular Augments  
  109  7:58  Baneling x3  
  117  7:59  Zergling x10  
  117  8:00  Zergling x12  
  117  8:01  Zergling x8  
  132  8:05  Drone  
  132  8:06  Drone  
  132  8:07  Drone x2  
  132  8:11  Overlord x2  
  135  8:13  Overlord x2  
  135  8:18  Baneling  
  135  8:19  Baneling x22  
  135  8:23  Overlord x3  
  112  8:41  Hydralisk x7  
  112  8:42  Hydralisk  
  125  8:54  Drone x5  
  125  8:55  Drone x10  
  136  9:02  Spine Crawler  
  133  9:11  Hydralisk  
  133  9:12  Hydralisk x7  
  143  9:28  Hydralisk x9  
  157  9:36  Infestation Pit  
  156  9:42  Drone  
  157  9:46  Spine Crawler, Drone  
  157  9:47  Drone x11, Spine Crawler  
  157  9:48  Spine Crawler  
  166  9:55  Burrow, Overseer  
  156  10:10  Zergling x26  
  156  10:11  Zergling x10  
  156  10:13  Hive  
  174  10:19  Evolution Chamber, Overlord x2  
  174  10:20  Evolution Chamber, Drone x2  
  174  10:21  Drone x3  
  175  10:29  Spine Crawler  
  175  10:30  Spine Crawler, Spore Crawler  
  175  10:33  Drone x2, Spine Crawler  
  175  10:34  Drone x2, Spine Crawler x2  
  175  10:35  Spine Crawler  
  172  10:37  Baneling x9  
  172  10:38  Baneling x6  
  172  10:39  Baneling x2  
  172  10:44  Drone x2  
  172  10:46  Zerg Missile Weapons Level 1  
  172  10:47  Zerg Melee Weapons Level 1  
  174  10:50  Drone x2, Extractor x2  
  174  10:51  Spine Crawler  
  174  10:53  Drone x3  
  174  10:54  Drone x2  
  174  10:55  Drone  
  174  10:56  Hydralisk x2  
  179  10:57  Hydralisk  
  182  11:24  Viper  
  179  11:27  Seismic Spines  
  179  11:28  Adrenal Glands  
  179  11:31  Ultralisk Cavern  
  179  11:32  Viper x3  
  182  11:50  Spire  
  171  12:04  Hydralisk  
  171  12:05  Hydralisk x10  
  169  12:16  Hydralisk x9  
  185  12:31  Unknown  
  185  12:37  Lurker x3  
  186  12:39  Lurker  
  186  12:41  Hatchery  
  186  12:44  Extractor x2  
  186  12:57  Lurker x5  
Tags
 
Composition
Lurkers
Matchup
PvZ
Add a new tag
Caveats
  • Supply blocks, unpowered buildings, or Contaminate may cause inaccurate times.
  • Supply counts are checked every 10 seconds.